 Dungeon Crawl Stone Soup version 0.30-a0-187-gd9c2deaf24 (webtiles) character file.

Game seed: 12699470475801710721

129 Lambsauce the Covered (level 4, -4/40 HPs)
             Began as a Minotaur Fighter on Oct 3, 2022.
             Slain by a gnoll
             ... wielding a +0 vorpal spear
              (5 damage)
             ... on level 3 of the Dungeon.
             The game lasted 00:06:27 (1818 turns).

Lambsauce the Covered (Minotaur Fighter)            Turns: 1818, Time: 00:06:28

Health: -4/40      AC:  8    Str: 23    XL:     4   Next: 88%
Magic:  3/3        EV:  9    Int:  5    God:
Gold:   192        SH:  5    Dex:  9    Spells: 3/3 levels left

rFire   . . .      SeeInvis .    a - +0 war axe (drain)
rCold   . . .      Faith    .    c - +1 buckler
rNeg    . . .      Spirit   .    b - +0 scale mail
rPois   .          Reflect  .    (helmet restricted)
rElec   +          Harm     .    (no cloak)
rCorr   .          Rampage  .    g - +0 pair of gloves
Will    .....      Rage     3%   (no boots)
Stlth   ..........               (no amulet)
HPRegen 0.26/turn                (no ring)
MPRegen 0.08/turn                (no ring)

@: no status effects
A: horns 2, retaliatory headbutt, berserk 1, electricity resistance
a: no special abilities


You were on level 3 of the Dungeon.
You visited 1 branch of the dungeon, and saw 3 of its levels.

You collected 192 gold pieces.

Inventory:

Hand Weapons
 a - a +0 war axe of draining (weapon)
Armour
 b - a +0 scale mail (worn)
 c - a +1 buckler (worn)
 g - a +0 pair of gloves (worn)
Scrolls
 i - 2 scrolls of teleportation
 j - a scroll of brand weapon
 k - a scroll of blinking {unknown}
 m - a scroll of identify
Potions
 d - a potion of might
 e - a potion of curing
 f - a potion of attraction
 h - a potion of lignification
 l - a potion of flight


   Skills:
 + Level 4.1 Fighting
 + Level 3.9 Axes
 + Level 4.8 Armour
 + Level 1.4 Dodging
 + Level 4.1 Shields


You had 3 spell levels left.
You didn't know any spells.
Your spell library contained the following spells:

 Spells                   Type           Power      Damage    Failure   Level
 Shock                    Conj/Air       0%         1d3       86%         1
 Slow                     Hex            0%         N/A       86%         1
 Confusing Touch          Hex            0%         N/A       99%         3
 Swiftness                Air            0%         N/A       99%         3
 Vampiric Draining        Necr           0%         2d6       99%         3
 Airstrike                Air            0%         2d(0-16)  100%        4


Dungeon Overview and Level Annotations

Branches:
Dungeon (3/15)

Altars:


Innate Abilities, Weirdness & Mutations

You have a pair of horns on your head.
You reflexively headbutt those who attack you in melee.
You sometimes lose your temper in combat.
You are resistant to electric shocks. (rElec)


Message History

The gnoll is severely wounded.
The gnoll hits you with a +0 whip.
You hit the gnoll but do no damage.
The gnoll is severely wounded.
The gnoll closely misses you.
You hit the gnoll. You drain the gnoll.
You kill the gnoll!
A gnoll comes into view. It is wielding a +0 halberd.
A gnoll comes into view. It is wielding a +0 vorpal spear.
Your Shields skill increases to level 4!
The gnoll shouts! x2
The gnoll hits you with a +0 halberd. The gnoll attacks as you move away!
The gnoll barely misses you. You block the gnoll's attack.
You slash the gnoll! You drain the gnoll.
You headbutt the gnoll, but do no damage.
The gnoll is almost dead.
The gnoll barely misses you. The gnoll hits you with a +0 flail.
You slash the gnoll!
You kill the gnoll!
The gnoll misses you. The gnoll hits you but does no damage.
The gnoll hits you with a +0 halberd.
Things that are here:
a +0 flail; 11 gold pieces; a gnoll corpse The gnoll barely misses you.
You see here a +0 whip.
You block the gnoll's attack. The gnoll hits you but does no damage.
You barely miss the gnoll. Your headbutt misses the gnoll.
The gnoll hits you from afar with a +0 vorpal spear!
* * * LOW HITPOINT WARNING * * *
The gnoll closely misses you. x2
The gnoll hits you from afar with a +0 vorpal spear.
* * * LOW HITPOINT WARNING * * *
x2 You hit the gnoll but do no damage.
You drain the gnoll. You headbutt the gnoll.
The gnoll is heavily wounded.
The gnoll hits you with a +0 halberd!
* * * LOW HITPOINT WARNING * * *
The gnoll hits you from afar with a +0 vorpal spear.
You die...

## .. #############.#####
######.................
..............####...####
#######.#####.####.......
...............)@gg......
....###.#####'####.......
#.#.# #.# #.......#####.
#.#.# #.# #........g
..#.# #.# #......###
###.# #.# ##+##### #.#
#.# #.. ..#


You could see 2 gnolls.

Vanquished Creatures
  6 gnolls (D:3)
  3 adders
  A worm (D:2)
  A dart slug (D:1)
  2 endoplasms
  2 giant cockroaches (D:1)
  4 goblins
  3 hobgoblins (D:2)
  6 kobolds
  2 quokkas (D:1)
  4 ball pythons
  2 bats
  A frilled lizard (D:2)
  6 rats
43 creatures vanquished.

Vanquished Creatures (others)
  A plant (D:1)
1 creature vanquished.

Grand Total: 44 creatures vanquished

Notes
Turn   | Place    | Note
-------+----------+-------------------------------------------
     0 | D:1      | Lambsauce the Minotaur Fighter began the quest for the Orb.
     0 | D:1      | Reached XP level 1. HP: 19/19 MP: 0/0
    53 | D:1      | Gained mutation: You sometimes lose your temper in combat.
                  | [potion of mutation]
    53 | D:1      | Gained mutation: You are resistant to electric shocks.
                  | (rElec) [potion of mutation]
   104 | D:1      | Found a faded altar of an unknown god.
   115 | D:1      | Reached XP level 2. HP: 27/27 MP: 1/1
   898 | D:2      | Reached XP level 3. HP: 33/33 MP: 2/2
  1696 | D:3      | Reached XP level 4. HP: 34/40 MP: 3/3
  1805 | D:3      | Reached skill level 1 in Dodging
  1818 | D:3      | HP: 1/40 [gnoll/+0 halberd (8)]
  1818 | D:3      | Slain by a gnoll

Illustrated notes

Levels and vault maps discovered:
D:1:      lightli_arrival_statue_moat, layout_loops_ring,
          hellmonk_ecumenical_altar_lost_god, serial_bayou_pond_e
D:2:      layout_basic
D:3:      layout_basic, feat_on_display

Skill      XL: |  1  2  3  4 |
---------------+-------------+-----
Armour         | 4 |  4.8
Fighting       | 4 |  4.1
Axes           | 3 |  3.9
Dodging        | 1 |  1.4
Shields        | 4 |  4.1

Action                   |  1- 3 |  4- 6 || total
-------------------------+-------+-------++-------
Melee: War axe           |    71 |    21 ||    92
       Headbutt          |    10 |     5 ||    15
  Use: Scroll            |    10 |       ||    10
       Potion            |     5 |       ||     5
Armor: Scale mail        |    27 |     5 ||    32
Dodge: Dodged            |    31 |    13 ||    44
Block: Buckler           |    13 |     6 ||    19

Table legend: (Time is in decaauts)
 A = Elapsed time spent in this place.
 B = Non-inter-level travel time spent in this place.
 C = Inter-level travel time spent in this place.
 D = Time resting spent in this place.
 E = Time spent auto-exploring this place.
 F = Levels seen in this place.
 G = Mean time per level.
                   A        B        C        D        E       F      G
               +--------+--------+--------+--------+--------+-----+--------+
         Total |   1876 |   1836 |     40 |     41 |   1485 |   3 |  625.3 |
       Dungeon |   1876 |   1836 |     40 |     41 |   1485 |   3 |  625.3 |
               +--------+--------+--------+--------+--------+-----+--------+

Top non-repeatable levels by time:
     D:2: 961 daAuts
     D:1: 705 daAuts
     D:3: 209 daAuts
